[Event "Early-Titled-Tuesday-Blitz-September-26-2023"]
[Site "Chess.com"]
[Date "2023.09.26"]
[Round "1"]
[White "cthake"]
[Black "a-z30"]
[Result "1/2-1/2"]
[WhiteElo "1874"]
[BlackElo "2524"]
[TimeControl "180+1"]
[EndTime "8:07:18 PDT"]
[Termination "Game drawn by repetition"]

1. e4 d6 2. d4 Nf6 3. Nc3 g6 4. Nf3 Bg7 5. Be2 O-O 6. h3 Nc6 7. Be3 e5 8. d5 Ne7 9. O-O Ne8 10. g4 f5 11. gxf5 gxf5 12. Bg5 f4 13. Kh2 Qd7 14. Ng1 Nf6 15. Bxf6 Rxf6 16. Bg4 Qe8 17. f3 h5 18. Bxc8 Qxc8 19. Nge2 Ng6 20. Rg1 Nh4 21. Qf1 Qe8 22. Rg5 Rg6 23. Rxg6 Qxg6 24. Qf2 Qf6 25. Rg1 Kh7 26.
Nb5 Ng6 27. c4 Qf7 28. Rg5 h4 29. Qg2 Bf6 30. Rg4 Rg8 31. a4 a6 32. Nbc3 Ne7 33.
b4 Rg6 34. a5 Ng8 35. Rxg6 Qxg6 36. Qg4 Qxg4 37. hxg4 Nh6 38. Ng1 Nf7 39. Nh3 Kg7 40.
Na4 Kf8 41. Nc3 Ke8 42. Na4 Kd7 43. c5 Be7 44. Kg2 dxc5 45. bxc5 Bf6 46. Kf2 Be7 47.
Ke2 Bf6 48. Kd3 Be7 49. Ke2 Bf6 50. Kf2 Be7 51. Kg2 Bf8 52. Kf2 Be7 1/2-1/2

[Event "Early-Titled-Tuesday-Blitz-September-26-2023"]
[Site "Chess.com"]
[Date "2023.09.26"]
[Round "1"]
[White "Alexei_Gubajdullin"]
[Black "FlemingA"]
[Result "1-0"]
[WhiteElo "2738"]
[BlackElo "2436"]
[TimeControl "180+1"]
[EndTime "8:07:19 PDT"]
[Termination "Alexei_Gubajdullin won by resignation"]

1. d4 Nf6 2. Nf3 g6 3. Bf4 Bg7 4. e3 O-O 5. Be2 d6 6. O-O b6 7.
h3 Bb7 8. a4 Nbd7 9. a5 a6 10.
axb6 cxb6 11. c4 Ne4 12. Nc3 Ndf6 13. Qb3 Rb8 14. Rfc1 h6 15. Nd5 Nxd5 16. cxd5 b5 17. Bd3 Nf6 18. e4 Qd7 19. Bd2 Rfc8 20. Ba5 Rxc1+ 21.
Rxc1 Rc8 22. Rc3 Rxc3 23. bxc3 Qc8 24. Kh2 Nh5 25. g3 Nf6 26. Ne1 h5 27. f3 Bh6 28. Nc2 h4 29. g4 Bf4+ 30. Kg2 Qd7 31. c4 bxc4 32. Qxc4 Kg7 33. Be1 g5 34. Bf2 a5 35. Ne3 Bxe3 36. Bxe3 Nh7 37. Qb5 Qxb5 38. Bxb5 f6 39. Bd2 Nf8 40. Bxa5 Ng6 41. Kh2 Nf4 42. Bd2 Ng6 43. Kg2 Bc8 44. Kf2 Kf7 45. Be3 Kg7 46. Ke1 Kf7 47. Kd2 Nf8 48. Kc3 Nd7 49. Kb4 Nf8 50.
Ka5 Bd7 51. Bc6 Bc8 52. Kb6 Ng6 53. Ka7 Nf8 54. Bb5 Bd7 55. Bc6 Bc8 56. Bd2 Bd7 57.
Kb8 Ke8 58. Kc7 e6 59. Bxd7+ Nxd7 60. dxe6 Nf8 61. Kxd6 1-0

[Event "Early-Titled-Tuesday-Blitz-September-26-2023"]
[Site "Chess.com"]
[Date "2023.09.26"]
[Round "1"]
[White "DuleMudule"]
[Black "HajiyevKanan"]
[Result "1-0"]
[WhiteElo "2761"]
[BlackElo "2459"]
[TimeControl "180+1"]
[EndTime "8:07:23 PDT"]
[Termination "DuleMudule won on time"]

1. d4 Nf6 2. Bg5 Ne4 3. h4 d5 4.
Nd2 h6 5. Nxe4 dxe4 6. Bf4 Bf5 7. e3 e6 8. c3 Bd6 9. g4 Bh7 10. Ne2 Nd7 11. Bg2 f5 12. g5 e5 13. dxe5 Nxe5 14.
Bxe5 Bxe5 15. Qb3 Ke7 16. Rd1 Bg8 17. Qb5 Bd6 18. Nf4 Qe8 19. Qxf5 Bxf4 20. Qxf4 hxg5 21.
Qxg5+ Kf8 22. Rd4 Qe7 23. Qf4+ Qf7 24. Qxe4 Re8 25. Qxb7 Rh6 26. Qb4+ Qe7 27. Rf4+ Rf6 28. Rxf6+ gxf6 29. Qxe7+ Kxe7 30. h5 Bxa2 31. h6 Rh8 32.
Be4 Be6 33. Bg6 f5 34. e4 fxe4 35. Bxe4 Kf6 36. f4 Bf7 37. Kf2 Rb8 38. h7 Kg7 39. Ke3 Kh8 40. b4 Bc4 41. Rh5 Re8 42. Re5 Rxe5 43.
fxe5 Be6 44. Kd4 Kg7 45. Kc5 Bd7 46. Kd5 Kh8 47. e6 Be8 48. Ke5 Kg7 49. c4 Ba4 50. b5 Bd1 51. e7 Bh5 52. Bc6 Kxh7 53. e8=Q Bxe8 54. Bxe8 Kg7 55. Ke6 Kf8 56. Kd7 c5 57. bxc6 a5 58. c7 a4 59. c8=Q a3 60. Bh5+ Kg7 61.
Qc5 1-0

[Event "Early-Titled-Tuesday-Blitz-September-26-2023"]
[Site "Chess.com"]
[Date "2023.09.26"]
[Round "1"]
[White "jaskol95"]
[Black "ZeGood_ZeBad_ZeUgly"]
[Result "1-0"]
[WhiteElo "2605"]
[BlackElo "2274"]
[TimeControl "180+1"]
[EndTime "8:07:23 PDT"]
[Termination "jaskol95 won by checkmate"]

1. d4 d5 2. Nc3 Nf6 3. Bf4 a6 4. e3 Bf5 5. Nf3 e6 6. Ne5 Nbd7 7. g4 Bg6 8. h4 Bb4 9. h5 Nxe5 10. Bxe5 Be4 11. f3 Nxg4 12. fxe4 Nxe3 13. Qd3 Nxf1 14. Qxf1 f6 15. Bf4 dxe4 16. O-O-O Bxc3 17. bxc3 Qd5 18. Kb2 O-O-O 19. Qe2 g5 20. hxg6 hxg6 21. Rxh8 Rxh8 22.
c4 Qf5 23. Rf1 Qa5 24. Qxe4 Qb4+ 25. Kc1 Qxc4 26. Re1 Re8 27. Qxg6 Re7 28. Qd3 Qxa2 29. Qc3 Qa4 30. Kd2 e5 31. Be3 Rd7 32. Qb3 Qc6 33.
c3 exd4 34. Bxd4 Qg2+ 35. Kc1 Qg5+ 36. Kb2 Qg2+ 37. Kc1 Qg5+ 38. Kb1 Qd2 39. Re8+ Rd8 40. Qe6+ Kb8 41. Rxd8# 1-0

[Event "Early-Titled-Tuesday-Blitz-September-26-2023"]
[Site "Chess.com"]
[Date "2023.09.26"]
[Round "1"]
[White "zajka-molotok"]
[Black "C_K_G"]
[Result "1-0"]
[WhiteElo "2533"]
[BlackElo "1868"]
[TimeControl "180+1"]
[EndTime "8:07:23 PDT"]
[Termination "zajka-molotok won by resignation"]

1. e4 c5 2. Nf3 d6 3. Bb5+ Bd7 4. Bxd7+ Qxd7 5. c4 e6 6. Nc3 Nc6 7. d4 cxd4 8. Nxd4 Nxd4 9. Qxd4 Nf6 10. O-O Be7 11.
Rd1 Qc6 12. Bg5 O-O 13. Rac1 Rfd8 14. Qd3 a6 15. a4 Rac8 16. b3 Rc7 17. Be3 Ng4 18. Bd4 Bg5 19. Rb1 Be7 20. a5 Rcd7 21. Bb6 Rc8 22. Rbc1 Bg5 23. Rc2 Ne5 24. Qg3 Bf6 25.
Bd4 Rdd8 26. Rcd2 h6 27. h3 Re8 28. f4 Nd7 29. Bxf6 Nxf6 30. Rxd6 Qc5+ 31. Qf2 Qb4 32.
R6d3 Qxa5 33. e5 Nh7 34. Ne4 Nf8 35. Nd6 Rcd8 36. Nxe8 Rxe8 37. Qd2 Kh7 38. Qxa5 1-0

[Event "Early-Titled-Tuesday-Blitz-September-26-2023"]
[Site "Chess.com"]
[Date "2023.09.26"]
[Round "1"]
[White "slorovel"]
[Black "halfnatty"]
[Result "1-0"]
[WhiteElo "2475"]
[BlackElo "2601"]
[TimeControl "180+1"]
[EndTime "8:07:24 PDT"]
[Termination "slorovel won on time"]

1. e4 c5 2. Nf3 e6 3. c4 Nc6 4. Be2 g5 5. d3 h6 6. Nc3 Bg7 7. h4 g4 8. Nd2 h5 9. Nb3 d6 10.
Be3 Nd4 11. Qd2 Ne7 12. Bg5 Qb6 13. Nxd4 Bxd4 14. Nb5 Be5 15. a4 a6 16. a5 Qc6 17.
Nc3 Bd7 18. Na4 f6 19. Be3 f5 20. Nb6 Rd8 21. O-O-O fxe4 22. dxe4 Qxe4 23. Bd3 Qc6 24.
Bg5 Rf8 25. Rde1 Nf5 26. Be4 Qc7 27. Bxf5 Rxf5 28. Bxd8 Qxd8 29. Qh6 Qf6 30. Qh7 Qg7 31. Qxg7 Bxg7 32. Re2 Be5 33. g3 Bc6 34. Rhe1 Kd8 35. Kc2 Kc7 36. Rd2 Kd8 37. Ree2 Ke7 38. Nc8+ Kd7 39. Nb6+ Ke8 40. b3 1-0

[Event "Early-Titled-Tuesday-Blitz-September-26-2023"]
[Site "Chess.com"]
[Date "2023.09.26"]
[Round "1"]
[White "sonicdravise"]
[Black "Aleksandar-Topalov"]
[Result "1-0"]
[WhiteElo "2671"]
[BlackElo "2370"]
[TimeControl "180+1"]
[EndTime "8:07:24 PDT"]
[Termination "sonicdravise won on time"]

1. d4 e6 2. c4 f5 3. Nf3 Nf6 4. Nc3 Bb4 5. Qb3 a5 6. Bg5 O-O 7. g3 h6 8. Bxf6 Qxf6 9. Bg2 Nc6 10. a3 a4 11. Qc2 Bxc3+ 12. Qxc3 d6 13. O-O e5 14.
dxe5 dxe5 15. Rad1 Be6 16. e3 Rfd8 17. h4 e4 18. Nd4 Ne5 19. Nxe6 Qxe6 20. Qb4 Nd3 21. Qxb7 Qxc4 22. Rxd3 exd3 23. Qf3 d2 24. Rd1 Rab8 25. Qxf5 Rxb2 26. Qe5 Rc2 27. Qe7 Qd3 28. Be4 Rc1 29. Bxd3 Rxd1+ 30. Kg2 Rxd3 31. Qe8+ Kh7 32. Qe4+ Kg8 33.
Qxd3 1-0

[Event "Early-Titled-Tuesday-Blitz-September-26-2023"]
[Site "Chess.com"]
[Date "2023.09.26"]
[Round "1"]
[White "enestnrvrd"]
[Black "KorolDimitriy75"]
[Result "1-0"]
[WhiteElo "2671"]
[BlackElo "2371"]
[TimeControl "180+1"]
[EndTime "8:07:26 PDT"]
[Termination "enestnrvrd won on time"]

1. d4 Nf6 2. c4 c5 3. d5 b5 4.
cxb5 a6 5. b6 d6 6. Nc3 Nbd7 7.
Nf3 g6 8. e4 Bg7 9. a4 a5 10.
Bb5 O-O 11. O-O Nxb6 12. Re1 e6 13. dxe6 Bxe6 14. Ng5 Bc4 15. Bf4 h6 16. Nf3 d5 17.
Bxc4 dxc4 18. Qxd8 Rfxd8 19. Bc7 Nfd7 20. Bxd8 Rxd8 21. Rad1 Re8 22. h3 Ne5 23. Nxe5 Bxe5 24. g3 Bxc3 25. bxc3 Nxa4 26. Ra1 Nxc3 27. Rxa5 Rxe4 28.
Kf1 Rd4 29. Rxc5 Nd5 30. Kg2 Kg7 31. Re8 c3 32. Rec8 Rd2 33. Kf3 Kf6 34. Rd8 Ke6 35. Rc6+ Ke5 36. Rc5 Ke6 37. Rdc8 h5 38. h4 Rd3+ 39.
Ke2 Rd2+ 40. Ke1 Ke5 41. Rxc3 1-0

[Event "Early-Titled-Tuesday-Blitz-September-26-2023"]
[Site "Chess.com"]
[Date "2023.09.26"]
[Round "1"]
[White "Yuruultei"]
[Black "Saif_Malek04"]
[Result "0-1"]
[WhiteElo "2286"]
[BlackElo "2610"]
[TimeControl "180+1"]
[EndTime "8:07:27 PDT"]
[Termination "Saif_Malek04 won by resignation"]

1. d4 c6 2. c4 d6 3. Nf3 Nd7 4. g3 Ngf6 5. Bg2 g6 6. O-O Bg7 7. Nc3 O-O 8. e4 e5 9. Bg5 Qc7 10. d5 c5 11. Nd2 h6 12. Be3 g5 13. f4 gxf4 14. gxf4 Kh7 15. f5 Rg8 16. Kh1 Bf8 17. Qf3 Ng4 18. Bg1 Qd8 19. h3 Qh4 20. Qe2 Ngf6 21.
Be3 Nh5 22. Bf2 Rg3 23. Nf3 Qf6 24. Qe3 Rg7 25. Bh4 Ng3+ 26. Kg1 Nxf1 27. Rxf1 Rxg2+ 28. Kxg2 Qg7+ 29. Kh2 f6 30. Rg1 Qf7 31. Nd1 b5 32. Nf2 bxc4 33. Rg6 Rb8 34. Ng4 Rxb2+ 35.
Kg3 Bg7 36. Rxh6+ Kg8 37. Rg6 Kf8 38. Nh6 Qe7 39. Ne1 Ke8 40. Qf3 Nf8 41. Qg4 Nxg6 42.
Qxg6+ Kf8 43. Ng8 0-1

[Event "Early-Titled-Tuesday-Blitz-September-26-2023"]
[Site "Chess.com"]
[Date "2023.09.26"]
[Round "1"]
[White "GradualismUnleashed"]
[Black "ZuraTqebuchava"]
[Result "1-0"]
[WhiteElo "2599"]
[BlackElo "2263"]
[TimeControl "180+1"]
[EndTime "8:07:27 PDT"]
[Termination "GradualismUnleashed won on time"]

1. e4 e5 2. Nf3 Nc6 3. Bb5 Be7 4.
O-O d6 5. d4 exd4 6. Nxd4 Bd7 7. Nc3 Nf6 8. Re1 O-O 9. Nf5 Bxf5 10. exf5 Ne5 11. Bf4 c6 12. Bf1 Qa5 13. Qd4 Nfd7 14. Rad1 Rfe8 15. a3 Rad8 16. Ne4 Nf6 17. h3 Nxe4 18.
Rxe4 Bf6 19. Qb4 Qxb4 20. axb4 d5 21. Re3 Nd7 22. c3 Rxe3 23. Bxe3 a6 24. g4 h6 25. f4 Re8 26. Kf2 Bd8 27. Bg2 Bb6 28. Re1 Rxe3 29. Rxe3 Kf8 30. Ke2 Bxe3 31. Kxe3 Ke7 32. Kd4 Kd6 33. g5 b6 34. f6 gxf6 35. gxh6 Nf8 36. c4 c5+ 37. bxc5+ bxc5+ 38. Kd3 dxc4+ 39. Kxc4 f5 40. Bd5 Ng6 41. Bxf7 Nh8 42. Bh5 Kc6 43. h7 Kd6 44. b3 Kc6 45. Bf3+ Kd6 46. Bb7 a5 47. Bc8 Kc6 48. Bxf5 Kb6 49. Be4 Kc7 50. Kxc5 1-0

[Event "Early-Titled-Tuesday-Blitz-September-26-2023"]
[Site "Chess.com"]
[Date "2023.09.26"]
[Round "1"]
[White "GG91"]
[Black "Bodhanas"]
[Result "0-1"]
[WhiteElo "2275"]
[BlackElo "2040"]
[TimeControl "180+1"]
[EndTime "8:07:27 PDT"]
[Termination "Bodhanas won by checkmate"]

1. d4 d6 2. Nf3 Nf6 3. e3 g6 4. Bd3 Bg7 5. O-O O-O 6. c3 Bg4 7. h3 Bxf3 8. Qxf3 c6 9. Nd2 Nbd7 10. e4 e5 11. Re1 Re8 12. Nc4 Qc7 13. b3 b5 14. Ne3 d5 15. Ng4 dxe4 16. Nxf6+ Nxf6 17. Bxe4 exd4 18. Bf4 Qb6 19. Bxc6 Rxe1+ 20. Rxe1 Rc8 21. Be4 Nxe4 22. Qxe4 dxc3 23. b4 h6 24. Be3 Qc6 25. Qc2 a6 26. Bc5 Rd8 27. Re2 Qd5 28. Kh2 Qd3 29. g3 Qxc2 30. Rxc2 Rd2 31. Rc1 Rxa2 32.
Kg2 c2 33. Be3 Bc3 34. Kf3 Bxb4 35. Ke2 Bf8 36. Bd4 b4 37. Kd3 b3 38. Kc3 b2 39.
Kxc2 bxc1=Q+ 40. Kxc1 Bg7 41. Kb1 Bxd4 42. Kxa2 Bxf2 43.
g4 f5 44. gxf5 gxf5 45. Kb3 Bd4 46. Kc4 f4 47. Kxd4 a5 48. Ke4 a4 49. Kxf4 a3 50. Kf5 a2 51. h4 a1=Q 52. h5 Qa5+ 53. Kg6 Qg5# 0-1

[Event "Early-Titled-Tuesday-Blitz-September-26-2023"]
[Site "Chess.com"]
[Date "2023.09.26"]
[Round "1"]
[White "Ariadna_Atreides"]
[Black "FREDERICKtheMATE"]
[Result "0-1"]
[WhiteElo "2204"]
[BlackElo "2577"]
[TimeControl "180+1"]
[EndTime "8:07:29 PDT"]
[Termination "FREDERICKtheMATE won on time"]

1. d4 c6 2. Nf3 d5 3. c4 Nf6 4. Nbd2 Bf5 5. Nh4 Bd7 6. e3 e6 7.
Bd3 c5 8. Nhf3 Nc6 9. cxd5 Nxd5 10. dxc5 Bxc5 11. a3 O-O 12. O-O Be7 13. Ne4 Rc8 14. Ng3 Nf6 15. Qe2 Qb6 16. b4 a6 17. Bb2 Rfd8 18. Ng5 h6 19. N5e4 Nxe4 20. Nxe4 e5 21. Ng3 g6 22. Rac1 Qc7 23. f4 exf4 24. exf4 Re8 25.
Qf2 Bh4 26. f5 g5 27. Rxc6 Qxc6 28. Qd4 Kf8 29. Nh5 g4 30. Qxg4 Bg5 31. h4 Qb6+ 32. Kh1 Qe3 33. hxg5 Qxd3 34. gxh6 Qxf1+ 35. Kh2 Qxf5 36. Bg7+ Ke7 37. Bf6+ Kd6 38. Qd4+ Kc7 39.
Qc3+ Kb8 40. Qd2 Qxh5+ 0-1

[Event "Early-Titled-Tuesday-Blitz-September-26-2023"]
[Site "Chess.com"]
[Date "2023.09.26"]
[Round "1"]
[White "Fore_Man"]
[Black "SashaKuzhilniy"]
[Result "0-1"]
[WhiteElo "2276"]
[BlackElo "2606"]
[TimeControl "180+1"]
[EndTime "8:07:30 PDT"]
[Termination "SashaKuzhilniy won on time"]

1. Nf3 Nf6 2. c4 Nc6 3. d4 e5 4. dxe5 Ng4 5. Bf4 Bb4+ 6. Nc3 Qe7 7. e3 Bxc3+ 8. bxc3 Ngxe5 9. Nxe5 Nxe5 10. Be2 d6 11. O-O O-O 12. Rb1 b6 13. c5 bxc5 14. Bxe5 Qxe5 15.
Bf3 Bf5 16. Rb7 Rfc8 17. Qa4 Qxc3 18. Rxc7 Rxc7 19. Bxa8 h6 20. Qe8+ Kh7 21. Bd5 Bg6 22. Qd8 Qa5 23. Qxd6 c4 24. h4 Qc5 25. Qd8 c3 26.
Rc1 Qa3 27. Re1 Rc5 28. h5 Bxh5 29. Be4+ Bg6 30. Qd4 c2 31. Kh2 c1=Q 32. Rxc1 Rxc1 33. Bxg6+ fxg6 34. f4 Qxa2 35. f5 gxf5 36. Qe5 Qc2 37.
Kg3 Rg1 0-1

[Event "Early-Titled-Tuesday-Blitz-September-26-2023"]
[Site "Chess.com"]
[Date "2023.09.26"]
[Round "1"]
[White "SRob2003"]
[Black "alacritous"]
[Result "1-0"]
[WhiteElo "2618"]
[BlackElo "2304"]
[TimeControl "180+1"]
[EndTime "8:07:31 PDT"]
[Termination "SRob2003 won on time"]

1. c4 Nf6 2. g3 g6 3. Bg2 Bg7 4. Nc3 O-O 5. d3 d6 6. Nf3 c5 7. O-O Nc6 8. Rb1 d5 9. cxd5 Nxd5 10. Nxd5 Qxd5 11. a3 Qd6 12. Qa4 b6 13. Bf4 e5 14.
Nxe5 Bxe5 15. Qxc6 Qxc6 16. Bxc6 Bxf4 17. Bxa8 Be5 18.
Bg2 Be6 19. b4 Rc8 20. Rfc1 Ba2 21. b5 Bxb1 22. Rxb1 Rd8 23. Kf1 Rd4 24. Ke1 Ra4 25. Rb3 Kf8 26. Kd2 Ke7 27. f4 Bg7 28. Bd5 f5 29. e3 h6 30. h4 Bf6 31. Bc4 Bg7 32.
Ke2 Bf6 33. Kf3 Kd6 34. Bf7 g5 35. fxg5 hxg5 36. h5 Ke7 37. Bc4 Kf8 38. g4 fxg4+ 39. Kxg4 Kg7 40. Kf5 Bd8 41. e4 Kh6 42. e5 Kxh5 43. e6 Kh6 44. Ke5 Kg7 45. Kd6 Kf6 46.
Kd7 Be7 47. Rb1 Bf8 48. Rf1+ Kg7 49. Rf7+ Kg8 50. Rf5 g4 51. e7+ 1-0

[Event "Early-Titled-Tuesday-Blitz-September-26-2023"]
[Site "Chess.com"]
[Date "2023.09.26"]
[Round "1"]
[White "DefiantChair"]
[Black "cristiano78"]
[Result "1-0"]
[WhiteElo "2587"]
[BlackElo "2222"]
[TimeControl "180+1"]
[EndTime "8:07:31 PDT"]
[Termination "DefiantChair won by resignation"]

1. e4 c5 2. Nf3 d6 3. d4 cxd4 4. Nxd4 Nf6 5. Nc3 g6 6. f3 Bg7 7. Be3 O-O 8. Qd2 Nc6 9. Bc4 Bd7 10. h4 h5 11. O-O-O a5 12. Ndb5 a4 13. Bh6 Qa5 14.
Bxg7 Kxg7 15. a3 Rfc8 16. Ba2 Ne5 17. Nd4 Nc4 18. Bxc4 Rxc4 19. Na2 Qxd2+ 20. Rxd2 Rac8 21. Nb4 b5 22. Ne2 Be6 23. Nc3 R4c5 24. Re1 Nd7 25. f4 Nb6 26. Rf2 Bg4 27. f5 Nc4 28. Ncd5 e6 29.
fxe6 Bxe6 30. Nf4 Ne5 31. Nxe6+ fxe6 32. Ref1 Rc4 33. Re1 Rxb4 34. c3 Rbc4 35. Kb1 Rf8 36.
Rd2 Rd8 37. Red1 Rc6 38. Rf1 Ng4 39. Rd3 Nf6 40. e5 Nd5 41. Rdf3 dxe5 42. Rf7+ Kh6 43. Rb7 Rc7 44. Rxb5 Nf4 45. g3 Nd3 46. Rf6 Kg7 47. Rxe6 Rf8 48. Rbb6 Rf1+ 49. Kc2 Rd7 50. Rxg6+ Kf7 51.
Rh6 Rc1+ 52. Kd2 Kg7 53. Rbg6+ Kf7 54. Rh7+ Kxg6 55. Rxd7 Rb1 56. Kxd3 Rxb2 57. Ra7 Rg2 58. Rxa4 Rxg3+ 59. Kc2 Kf5 60. Rb4 Rg4 61. a4 Ke6 62. a5 Rxb4 63. cxb4 Kd6 64. Kd3 Kc6 65. Ke4 Kb5 66. Kxe5 Kxb4 67. a6 1-0

[Event "Early-Titled-Tuesday-Blitz-September-26-2023"]
[Site "Chess.com"]
[Date "2023.09.26"]
[Round "1"]
[White "Cambek64"]
[Black "AlexPapasimakopoulos"]
[Result "1/2-1/2"]
[WhiteElo "2467"]
[BlackElo "2752"]
[TimeControl "180+1"]
[EndTime "8:07:32 PDT"]
[Termination "Game drawn by repetition"]

1. e4 e6 2. d3 d5 3. Qe2 Ne7 4. f4 c5 5. g3 Nbc6 6. Nf3 g6 7.
Bg2 Bg7 8. e5 b5 9. O-O a5 10.
a4 b4 11. Be3 Qb6 12. Nbd2 Nf5 13. Bf2 h5 14. Nb3 Ncd4 15. Nfxd4 cxd4 16. Bh3 Ne3 17.
Rfe1 h4 18. Bxe3 dxe3 19. Bg2 hxg3 20. hxg3 g5 21. Qxe3 Qxe3+ 22. Rxe3 gxf4 23. gxf4 Rh4 24. f5 Ra7 25. f6 Bh6 26. Rh3 Rxh3 27. Bxh3 Bf4 28.
Re1 Ba6 29. Kf2 Bc8 30. Kf3 Bh6 31. Bf1 Bd7 32. Nc5 Rc7 33. d4 Bf8 34. Nxd7 Kxd7 35. Bd3 Bh6 36. Rh1 Bg5 37. Rh8 Kc6 38. Ra8 Bc1 39. b3 Bb2 40. Ke3 Bc1+ 41. Ke2 Bb2 42. Ke3 Bc1+ 43. Kf2 Bb2 44. Ke3 1/2-1/2

[Event "Early-Titled-Tuesday-Blitz-September-26-2023"]
[Site "Chess.com"]
[Date "2023.09.26"]
[Round "1"]
[White "Honiex"]
[Black "Witty_Alien"]
[Result "1-0"]
[WhiteElo "2569"]
[BlackElo "2198"]
[TimeControl "180+1"]
[EndTime "8:07:32 PDT"]
[Termination "Honiex won on time"]

1. d4 d5 2. Nc3 c6 3. Bf4 Nf6 4. e3 Bf5 5. Nf3 e6 6. Ne5 Nbd7 7. g4 Be4 8. f3 Bg6 9. h4 Qb6 10. Rb1 Nxe5 11. dxe5 Nd7 12. h5 Nxe5 13. hxg6 Nxg6 14. Qd2 e5 15. Bg3 O-O-O 16. Bd3 d4 17. Bf5+ Kb8 18. exd4 Ka8 19. d5 Bb4 20. Bf2 Qa5 21. a3 Bxc3 22. Qxc3 Qxd5 23. Be4 Qd7 24. O-O Nf4 25. Qc5 Nh3+ 26.
Kh2 Nxf2 27. Qxf2 h5 28. g5 f5 29. gxf6 gxf6 30. Qe2 f5 31. Rbd1 Qc7 32. Bxf5 e4+ 33.
Kh1 exf3 34. Qxf3 Rdf8 35. Rd7 Qe5 36. Qd3 a6 37. Bh3 Rxf1+ 38. Bxf1 Ka7 39. Qd4+ Qxd4 40. Rxd4 Re8 41. Bg2 Re2 42. Rc4 Kb6 43. Kh2 Kb5 44.
Rc3 b6 45. Kh3 c5 46. Bf1 1-0

[Event "Early-Titled-Tuesday-Blitz-September-26-2023"]
[Site "Chess.com"]
[Date "2023.09.26"]
[Round "1"]
[White "TheRigos"]
[Black "KatakuriDono"]
[Result "0-1"]
[WhiteElo "2598"]
[BlackElo "2332"]
[TimeControl "180+1"]
[EndTime "8:07:33 PDT"]
[Termination "KatakuriDono won by resignation"]

1. d4 d5 2. Nf3 Nf6 3. Bf4 c5 4. e3 Nc6 5. Nbd2 e6 6. c3 cxd4 7. exd4 Nh5 8. Be3 Bd6 9. g3 f5 10. Ne5 Nf6 11. Bb5 Bd7 12. Bxc6 bxc6 13. Ndf3 O-O 14.
O-O Be8 15. Qc2 Ne4 16. Ne1 c5 17. N1d3 c4 18. Nf4 Qe7 19. f3 Nf6 20. Rae1 Bxe5 21.
dxe5 Nd7 22. Bd4 a5 23. b3 cxb3 24. axb3 g5 25. Ng2 Bg6 26. f4 Nc5 27. fxg5 Ne4 28. Nf4 Nxg5 29. Ra1 Rfb8 30. Ra2 Rc8 31. Rfa1 Nf3+ 32.
Kh1 Nxd4 33. Qd1 Nb5 34. c4 Nc3 35. Qf3 Nxa2 36. cxd5 exd5 37. Nxd5 Qxe5 38. Rxa2 Rc1+ 39. Kg2 Rac8 40. Ne3 R1c3 41. Re2 Rxb3 42. Qd5+ Qxd5+ 43. Nxd5 Rd8 44. Nf4 a4 45. Re7 a3 46. Ra7 Rb2+ 47.
Kh3 a2 48. Kh4 Rdd2 49. Kg5 Rd1 50. Kf6 Rb6+ 51. Ne6 Rxe6+ 52. Kxe6 a1=Q 0-1

[Event "Early-Titled-Tuesday-Blitz-September-26-2023"]
[Site "Chess.com"]
[Date "2023.09.26"]
[Round "1"]
[White "Giorno"]
[Black "Alexander_Donchenko"]
[Result "0-1"]
[WhiteElo "2473"]
[BlackElo "2808"]
[TimeControl "180+1"]
[EndTime "8:07:35 PDT"]
[Termination "Alexander_Donchenko won by resignation"]

1. Nf3 Nf6 2. d4 d5 3. Bf4 c5 4. c3 Nc6 5. e3 Qb6 6. Qb3 c4 7. Qc2 Bf5 8. Qc1 h6 9. Be2 e6 10. O-O Nh5 11. Be5 f6 12. Bg3 Nxg3 13. fxg3 Bd6 14. Nh4 Bh7 15. Bh5+ Kd7 16. Nd2 g5 17. Nhf3 Bd3 18. Rf2 Rhf8 19. Ne1 Bh7 20. g4 Rac8 21. Nef3 e5 22. b4 cxb3 23. axb3 exd4 24. exd4 Kc7 25. Qb2 Kb8 26. c4 Bf4 27. cxd5 Nb4 28. Nc4 Qb5 29.
Qa3 a6 30. Qa5 Nxd5 31. g3 Bc7 32. Qxb5 axb5 33. Na3 Nc3 34. Nc2 Bd6 35. Re1 Ne4 36. Rfe2 Rc3 37. Ne3 Rxb3 38. Nf5 Bxf5 39. gxf5 Nc3 40.
Re6 Ba3 41. Nd2 Rb2 42. Ne4 Nxe4 43. R1xe4 b4 44. Bf3 Rf7 45. Re7 Rxe7 46. Rxe7 Rd2 47. Rxb7+ Kc8 48. Rb6 Rxd4 49. Rxf6 b3 50. Rb6 b2 51.
Kf2 Bc5 52. Rc6+ Kd7 53. Rxc5 b1=Q 0-1

[Event "Early-Titled-Tuesday-Blitz-September-26-2023"]
[Site "Chess.com"]
[Date "2023.09.26"]
[Round "1"]
[White "Balla_Tamas"]
[Black "Fy_Rakotomaharo"]
[Result "0-1"]
[WhiteElo "2415"]
[BlackElo "2708"]
[TimeControl "180+1"]
[EndTime "8:07:35 PDT"]
[Termination "Fy_Rakotomaharo won by resignation"]

1. e4 e5 2. Nf3 Nf6 3. Nxe5 d6 4. Nf3 Nxe4 5. Nc3 Nxc3 6. dxc3 Be7 7. Bd3 Nd7 8. Bf4 Nc5 9. O-O O-O 10. Qd2 Nxd3 11. cxd3 Bg4 12. Nd4 Qd7 13. h3 Bh5 14. Rfe1 c5 15.
Nc2 Rfe8 16. d4 Qc6 17. dxc5 dxc5 18. Bg5 Bf8 19. Rxe8 Rxe8 20. Re1 f6 21. Bf4 Bf7 22. a3 Rxe1+ 23. Qxe1 Qa4 24. Qd2 Qe4 25. Bd6 Bxd6 26. Qxd6 h5 27. Ne3 Qb1+ 28. Kh2 Qxb2 29. Qxc5 Qxf2 30.
Qxa7 Bg6 31. Qd4 h4 32. Qg4 Kh7 33. Nd5 Bf7 34. Nf4 g5 35. Nd3 Qe3 36. Qf5+ Kg7 37.
Nf2 Be6 38. Qc2 Qg3+ 39. Kg1 Bd5 40. Ng4 f5 41. c4 fxg4 42. cxd5 gxh3 43. Qb2+ Kg6 44.
Qc2+ Kh6 45. Qf2 h2+ 0-1

[Event "Early-Titled-Tuesday-Blitz-September-26-2023"]
[Site "Chess.com"]
[Date "2023.09.26"]
[Round "1"]
[White "ploxoi"]
[Black "Aygehovit1992"]
[Result "0-1"]
[WhiteElo "2424"]
[BlackElo "2723"]
[TimeControl "180+1"]
[EndTime "8:07:36 PDT"]
[Termination "Aygehovit1992 won by resignation"]

1. d4 Nf6 2. c4 c5 3. d5 e5 4. Nc3 d6 5. e4 g6 6. Nf3 h5 7. g3 Nbd7 8. Bg2 a6 9. a4 Rb8 10. h3 Qe7 11. O-O Bh6 12. Bxh6 Rxh6 13. Qd2 Ng8 14. Ne1 g5 15. Nd3 a5 16. f4 gxf4 17. gxf4 Rg6 18. Kh2 Qh4 19. Qf2 Qxf2 20. Rxf2 f6 21. Nb5 Ke7 22. fxe5 fxe5 23. Raf1 Rf6 24. Bf3 Nb6 25. b3 h4 26. Rg1 Bd7 27.
Rg7+ Kf8 28. Rgg2 Bxb5 29. axb5 a4 30. Bh5 Rxf2 31. Rxf2+ Kg7 32. bxa4 Nxc4 33. Rf7+ Kh6 34. Be2 Nd2 35. Nf2 Ra8 36. Bd1 Nf1+ 37. Kg1 Ng3 38. Rd7 Nf6 39. Rxd6 Kg5 40. Bc2 Rg8 41. Re6 Ne2+ 42.
Kf1 Nd4 43. Rxe5+ Kf4 44. Nd3+ Ke3 45. Bb1 Rf8 46. Kg2 Rg8+ 47. Kf1 Rg3 48. Nf2 Rf3 49. d6 Rxf2+ 50. Kg1 Nf3+ 0-1

[Event "Early-Titled-Tuesday-Blitz-September-26-2023"]
[Site "Chess.com"]
[Date "2023.09.26"]
[Round "1"]
[White "Roman_Ovetchkin"]
[Black "MasterKroket"]
[Result "1-0"]
[WhiteElo "2714"]
[BlackElo "2416"]
[TimeControl "180+1"]
[EndTime "8:07:36 PDT"]
[Termination "Roman_Ovetchkin won by resignation"]

1. d4 Nf6 2. c4 e6 3. g3 Bb4+ 4. Bd2 a5 5. Bg2 O-O 6. Nf3 d6 7. O-O Bxd2 8. Qxd2 Qe7 9. Nc3 e5 10.
Nd5 Nxd5 11. cxd5 exd4 12. Nxd4 Nd7 13. e4 Nc5 14. Rae1 b6 15. Re3 Ba6 16. Rfe1 Qf6 17.
f4 Rad8 18. b3 Rfe8 19. a3 Bb7 20. b4 axb4 21. axb4 Na6 22. h3 g6 23. Kh2 Kg7 24.
h4 h5 25. Qc3 Kh7 26. Qc4 Re7 27. Nf3 Rde8 28. e5 Qg7 29. Ng5+ Kh8 30. e6 fxe6 31.
Nxe6 Qf6 32. R1e2 Bc8 33. Bh3 Bxe6 34. Bxe6 Nb8 35. Qc3 Kg7 36. Qxf6+ Kxf6 37. Rc3 c5 38. dxc6 Nxc6 39. Rxc6 Rxe6 40. Rxe6+ Rxe6 41. Rxb6 Kf5 42. Rb5+ Ke4 43. Kg2 d5 44. Kf2 d4 45. Re5+ Rxe5 46.
fxe5 Kxe5 47. Ke2 Ke4 48. Kd2 d3 49. b5 Kf3 50. b6 1-0

[Event "Early-Titled-Tuesday-Blitz-September-26-2023"]
[Site "Chess.com"]
[Date "2023.09.26"]
[Round "1"]
[White "kleopl"]
[Black "Nemegejas"]
[Result "0-1"]
[WhiteElo "2473"]
[BlackElo "2801"]
[TimeControl "180+1"]
[EndTime "8:07:37 PDT"]
[Termination "Nemegejas won on time"]

1. e4 g6 2. d4 Bg7 3. Nc3 d6 4.
Be3 c6 5. Qd2 b5 6. O-O-O Nd7 7.
Kb1 Nb6 8. Bd3 a5 9. f3 Ba6 10. Nce2 b4 11. Nc1 Nc4 12. Bxc4 Bxc4 13. g4 Qb6 14. h4 h5 15. g5 a4 16. b3 axb3 17. cxb3 Ba6 18. Nh3 Qb7 19. Nf4 e6 20. Nfd3 Rb8 21. e5 d5 22. Nc5 Qa8 23. N1d3 Bxd3+ 24. Qxd3 Ne7 25. Bd2 Nf5 26. f4 Bf8 27. Rc1 Bxc5 28.
Rxc5 O-O 29. Be3 Rb6 30. Bf2 Ra6 31. Qd2 Qa7 32. Rhc1 Ra8 33. R1c2 Qb7 34. Qc1 Ne7 35. Qd2 Ra3 36. Be1 Qa6 37. Qe2 Rxb3+ 38. Kc1 Qa3+ 39. Kd2 Rh3 40. Bf2 Nf5 41. Ke1 Nxh4 42. Bxh4 Rxh4 43. Kd2 Qg3 0-1